AoeStats
← Kez

Oasis

509106954Analyzed
3v3 RM · 6d ago on Sep 25, 2026· 46m 33s· 6 players
Game mode
Random Map
Map size
Normal (6 player)
Population
200
Speed
Normal
Resources
Standard
Victory
Conquest
Starting age
Dark Age
Ending age
Imperial Age
RankedLock teamsTeams togetherTeam positionsShared explorationLock speedFull tech treeHidden civsTurbo modeCheats
Victory
Defeat
🇨🇳 Franks · China
1224
+17
🇳🇱 Teutons · Netherlands
1200
+18
🇺🇸 Burmese · United States
1198
+18
🇨🇳 Varangians · China
1284
-18
🇨🇳 Burgundians · China
1246
-18
🇨🇳 Teutons · China
1218
-17
petey_hs
11:19 Feudal Age
15:30 Castle Age
13:19 Loom
13:42 Horse Collar
13:57 Gold Mining
14:46 Horse Collar
17:30 Husbandry
20:16 Fletching
23:14 Bodkin Arrow
24:53 Wheelbarrow
25:11 Padded Archer Armor
27:50 Gold Shaft Mining
27:05 Stone Mining
29:59 Heavy Plow
32:42 Imperial Age
31:10 Scale Barding Armor
32:59 Forging
32:52 Heavy Cavalry Archer
34:19 Ballistics
34:35 Parthian Tactics
36:57 Hand Cart
36:28 Town Watch
37:26 Bracer
37:40 Bloodlines
37:49 Caravan
39:22 Crop Rotation
39:15 Chain Barding Armor
39:30 Iron Casting
38:56 Scale Mail Armor
38:19 Light Cavalry
39:53 Conscription
41:17 Howdah
43:54 Chemistry
44:57 Elite Battle Elephant
DancingSword
2:36 Loom
11:05 Feudal Age
15:52 Castle Age
14:27 Double-Bit Axe
24:33 Wheelbarrow
24:27 Bow Saw
25:47 Hand Cart
32:42 Imperial Age
30:24 Gold Mining
30:25 Stone Mining
30:42 Scale Barding Armor
32:18 Husbandry
32:32 Forging
33:00 Gold Shaft Mining
33:24 Cavalier
33:28 Pikeman
34:09 Squires
33:55 Arson
33:55 Gambesons
35:41 Chemistry
34:40 Halberdier
35:47 Conscription
35:57 Town Watch
35:45 Paladin
37:00 Chivalry
37:23 Caravan
38:23 Siege Engineers
38:46 Ballistics
38:49 Chain Barding Armor
39:05 Iron Casting
39:32 Scale Mail Armor
40:08 Plate Barding Armor
41:16 Blast Furnace
40:32 Chain Mail Armor
40:23 Ordonnance Companies
40:28 Cranequins
41:17 Fletching
41:28 Padded Archer Armor
41:10 Treadmill Crane
41:26 Murder Holes
45:57 Heavy Mounted Crossbowman
Kez
6:46 Loom
10:39 Feudal Age
19:11 Castle Age
18:01 Double-Bit Axe
18:00 Man-at-Arms
19:52 Horse Collar
21:37 Heavy Plow
27:04 Bloodlines
29:33 Scale Barding Armor
30:13 Gold Mining
30:14 Stone Mining
30:38 Bow Saw
31:16 Wheelbarrow
36:53 Imperial Age
34:56 Forging
35:07 Chain Barding Armor
35:02 Devotion
35:40 Hand Cart
35:11 Town Watch
37:15 Iron Casting
39:01 Crop Rotation
39:09 Plate Barding Armor
39:38 Blast Furnace
39:30 Conscription
38:50 Cavalier
40:54 Two-Man Saw
40:27 Paladin
43:20 Fletching
43:39 Siege Engineers
47:08 Hoardings
46:32 Bodkin Arrow
46:58 Ballistics
T.T
11:46 Feudal Age
11:59 Horse Collar
12:06 Double-Bit Axe
13:45 Loom
17:20 Castle Age
16:55 Forging
16:50 Scale Barding Armor
19:02 Scale Barding Armor
24:35 Horse Collar
25:11 Bow Saw
25:22 Stone Mining
25:24 Gold Mining
27:10 Wheelbarrow
26:55 Heavy Plow
27:58 Iron Casting
28:31 Crop Rotation
28:27 Hand Cart
28:59 Chain Barding Armor
28:44 Husbandry
28:41 Town Watch
31:26 Two-Man Saw
33:57 Gold Shaft Mining
34:09 Crop Rotation
36:38 Imperial Age
34:42 Cavalier
38:40 Blast Furnace
38:15 Plate Barding Armor
37:27 Paladin
38:48 Conscription
40:28 Plate Barding Armor
39:55 Arson
40:10 Squires
42:56 Burgundian Vineyards
44:13 Scale Mail Armor
47:58 Chemistry
v1ttly_
6:44 Loom
10:00 Feudal Age
10:43 Double-Bit Axe
22:23 Castle Age
21:09 Fletching
21:19 Padded Archer Armor
22:25 Elite Skirmisher
23:09 Bodkin Arrow
27:19 Bow Saw
28:47 Horse Collar
29:48 Wheelbarrow
36:57 Imperial Age
35:03 Treadmill Crane
36:45 Bloodlines
36:36 Husbandry
37:13 Gold Mining
37:14 Stone Mining
37:48 Bracer
38:10 Ballistics
41:13 Chemistry
41:21 Heavy Mounted Crossbowman
41:28 Heavy Mounted Crossbowman
42:56 Leather Archer Armor
43:32 Conscription
43:37 Gothikon
44:53 Ring Archer Armor
44:42 Hand Cart
44:13 Town Watch
44:40 Cranequins
新冠克星
11:47 Feudal Age
12:42 Feudal Age
14:02 Horse Collar
15:25 Wheelbarrow
14:43 Double-Bit Axe
19:32 Castle Age
19:09 Scale Barding Armor
19:27 Bloodlines
20:31 Gold Mining
21:27 Forging
23:10 Heavy Plow
23:31 Stone Mining
23:54 Bow Saw
25:53 Hand Cart
30:37 Stone Shaft Mining
31:02 Chain Barding Armor
31:33 Pikeman
33:12 Iron Casting
37:04 Imperial Age
34:56 Scale Mail Armor
35:52 Town Watch
36:37 Squires
38:56 Crop Rotation
39:28 Two-Man Saw
40:31 Conscription
40:37 Crenellations
41:40 Chemistry
40:58 Loom
40:51 Halberdier
41:57 Fletching
43:18 Bodkin Arrow
43:21 Cavalier
Connection lost

Rejoining the realm…

Still unreachable

The connection could not be restored.

Session expired

The server has moved on; the page needs a fresh start.